 Dungeon Crawl Stone Soup version 0.30.1-3-gfc49f6343a (webtiles) character file.

Game seed: 3950848535539633975

359 Zeor the Ducker (level 6, -7/52 HPs)
             Began as a Draconian Monk on July 23, 2023.
             Mangled by an ogre
             ... wielding a +0 giant club
              (29 damage)
             ... on level 3 of the Dungeon.
             The game lasted 00:15:15 (3271 turns).

Zeor the Ducker (Draconian Monk)                    Turns: 3271, Time: 00:15:16

Health: -7/52      AC:  6    Str: 13    XL:     6   Next: 37%
Magic:  6/6        EV: 14    Int: 11    God:
Gold:   169        SH:  0    Dex: 15    Spells: 5/5 levels left

rFire   . . .        i - staff of poison
rCold   . . .        c - orb {light}
rNeg    . . .        (body armour unavailable)
rPois   +            (helmet restricted)
rElec   .            (no cloak)
rCorr   .            (no gloves)
SInv    .            (no boots)
Will    .....        (no amulet)
Stlth   +            (no ring)
HPRegen 0.28/turn    (no ring)
MPRegen 0.10/turn

%: no passive effects
@: glowing
A: AC +6, unfitting armour, cold-blooded
a: no special abilities


You were on level 3 of the Dungeon.
You visited 1 branch of the dungeon, and saw 3 of its levels.

You collected 169 gold pieces.

Inventory:

Hand Weapons
 a - a +0 spear
Missiles
 d - 4 boomerangs (quivered)
 j - 4 poisoned darts
Armour
 c - an orb of light (worn)
Magical Staves
 i - a staff of poison (weapon)
Scrolls
 e - 2 scrolls of immolation
 f - a scroll of teleportation
 h - a scroll of fog
 l - a scroll of torment
Potions
 b - a potion of ambrosia
 g - 3 potions of brilliance


   Skills:
 + Level 4.1 Fighting
 + Level 3.3(4.0) Polearms
 * Level 3.4(4.1) Staves
 + Level 0.7 Throwing
 * Level 4.7 Dodging
 + Level 1.1 Stealth


You had 5 spell levels left.
You didn't know any spells.
Your spell library was empty.

Dungeon Overview and Level Annotations

Branches:
Dungeon (3/15)

Altars:
Vehumet


Innate Abilities, Weirdness & Mutations

Your plain brown scales are hard. (AC +6)
You cannot fit into any form of body armour.
You are cold-blooded and may be slowed by cold attacks.


Message History

You completely miss the ogre.
The ogre is lightly wounded.
The ogre barely misses you.
Throw: throwing net
Press: ? - help, Shift-Dir - straight line, f/p - ogre
Aim: an ogre, wielding a +0 giant club (lightly wounded, haloed, 93% to hit)
You throw a throwing net. The throwing net hits the ogre.
The ogre is caught in the net!
The ogre is lightly wounded.
You hit the ogre.
The ogre is moderately wounded.
The ogre struggles against the net.
You catch the helpless ogre completely off-guard!
You hit the ogre.
The ogre is moderately wounded.
The ogre struggles against the net.
You hit the ogre. You tail-slap the ogre.
The ogre is heavily wounded.
The ogre struggles against the net.
You hit the ogre.
The ogre is severely wounded.
The ogre struggles against the net.
You hit the ogre.
You tail-slap the ogre, but do no damage.
The ogre is almost dead.
The ogre struggles against the net.
You catch the helpless ogre completely off-guard!
You hit the ogre.
The ogre is almost dead.
The ogre struggles against the net.
The net rips apart, and the ogre comes free!
You hit the ogre but do no damage.
The ogre is almost dead.
The ogre hits you with a +0 giant club!!
Ouch! That really hurt!
You hit the ogre.
The ogre is almost dead.
The ogre hits you with a +0 giant club!!
Ouch! That really hurt!
You die...

▒▒▒▒▒∙▒▒▒▒▒▒▒▒▒∙∙∙▒∙▒∙▒▒▒∙∙∙∙∙∙∙∙
▒∙∙∙∙∙∙∙▒▒∙∙∙∙∙∙∙∙∙▒▒▒∙∙∙∙∙∙∙▒∙▒∙
▒∙▒∙∙∙∙∙∙∙∙∙∙∙∙∙∙∙▒▒ ▒▒∙∙∙∙∙∙∙∙∙∙
▒∙▒∙∙∙∙∙▒▒∙∙∙∙∙∙∙∙∙▒▒▒∙▒∙∙∙∙∙∙▒▒∙
▒∙▒∙∙∙∙∙▒▒▒▒▒∙∙∙∙∙∙∙▒∙∙▒▒▒∙∙∙▒▒▒∙
▒∙▒∙∙∙∙∙∙∙∙▒▒∙▒∙∙∙▒∙∙▒∙▒▒▒∙∙∙∙∙∙∙
∙∙∙[∙∙∙∙▒▒∙▒▒∙▒∙∙∙▒∙▒▒∙∙∙∙∙∙∙∙∙∙▒
∙∙∙∙∙∙∙∙▒▒∙▒▒∙▒∙∙<▒∙▒▒▒▒▒▒▒▒∙▒∙▒▒
∙∙∙▒∙▒▒▒▒▒†▒▒)▒Od<▒∙▒ ▒∙∙▒▒
∙∙∙∙∙▒▒▒∙)∙∙∙∙∙)∙∙∙∙▒ ▒▒▒∙▒▒
▒∙∙▒∙∙∙∙∙∙∙∙∙∙∙▒▒▒▒▒▒ ▒▒∙▒
∙∙∙▒∙∙∙∙∙∙∙∙∙∙∙∙∙∙∙∙▒ ▒▒∙
▒∙▒▒∙▒∙∙∙∙∙▒∙∙∙∙▒▒▒∙▒▒▒▒▒▒▒▒ ▒∙
∙∙∙∙∙∙∙∙∙∙∙∙∙∙∙∙∙∙∙∙∙∙∙∙∙∙∙▒ ▒▒
∙∙∙∙~~≈~~≈~~~~~≈≈~~~~≈≈∙∙∙∙▒
∙∙∙∙~≈≈≈≈≈≈≈≈≈≈≈≈≈≈≈≈≈~∙∙∙∙▒
∙∙∙∙~~~~~~~~~≈~≈▒▒▒▒▒≈~∙∙∙∙▒


You could see an ogre.

Vanquished Creatures
  2 hounds (D:3)
  7 adders
  14 gnolls (D:3)
  A dart slug (D:2)
  15 orcs (D:3)
  9 endoplasms
  6 goblins
  4 hobgoblins
  12 jackals (D:3)
  A quokka (D:1)
  5 ball pythons
  5 bats
  3 frilled lizards
  7 kobolds
  4 rats
95 creatures vanquished.

Notes
Turn   | Place    | Note
-------+----------+-------------------------------------------
     0 | D:1      | Zeor the Draconian Monk began the quest for the Orb.
     0 | D:1      | Reached XP level 1. HP: 19/19 MP: 1/1
   331 | D:1      | Reached XP level 2. HP: 24/26 MP: 2/2
  1081 | D:2      | Reached XP level 3. HP: 31/31 MP: 3/3
  1140 | D:2      | Reached skill level 1 in Staves
  1166 | D:2      | Reached XP level 4. HP: 17/40 MP: 4/4
  1896 | D:3      | Reached XP level 5. HP: 32/46 MP: 5/5
  2393 | D:3      | Reached XP level 6. HP: 35/52 MP: 6/6
  2851 | D:3      | Found a radiant altar of Vehumet.
  3014 | D:3      | Reached skill level 1 in Stealth
  3271 | D:3      | Mangled by an ogre

Illustrated notes

Levels and vault maps discovered:
D:1:      evilmike_arrival_plus, layout_basic,
          nicolae_concentric_dashed_squares_mild, chequers_serial_rivers_marsh
D:2:      layout_basic, kennysheep_generic_room_2
D:3:      lemuel_castle_with_subvaults [lemuel_castle_interior_original],
          layout_loops_cross, nicolae_vehumet_altar_sigil, uniq_robin

Skill      XL: |  1  2  3  4  5  6 |
---------------+-------------------+-----
Dodging        | 3 4 |  4.7
Staves         | 1 2 3 |  3.4
Fighting       | 4 |  4.1
Stealth        | 1 |  1.1
Polearms       | |  3.3
Throwing       | |  0.7

Action                     |  1- 3 |  4- 6 || total
---------------------------+-------+-------++-------
  Melee: Staff             |    87 |   234 ||   321
         Tailslap          |    18 |    38 ||    56
         Spear             |     8 |       ||     8
  Throw: Boomerang         |       |    27 ||    27
         Dart              |       |     2 ||     2
         Throwing net      |       |     2 ||     2
    Use: Scroll            |     7 |     8 ||    15
         Potion            |       |     3 ||     3
   Stab: Held in net/web   |       |     3 ||     3
 Armour: Skin              |    21 |    70 ||    91
  Dodge: Dodged            |    56 |   243 ||   299
